 Dungeon Crawl Stone Soup version 0.21-a0-471-gd587bd5 (webtiles) character file.

133 tof the Slasher (level 4, -2/37 HPs)
             Began as a Demonspawn Berserker on Nov 21, 2017.
             Was a Believer of Trog.
             Slain by dududu's ghost (11 damage)
             ... on level 3 of the Dungeon.
             The game lasted 00:03:43 (2439 turns).

tof the Slasher (Demonspawn Berserker)              Turns: 2439, Time: 00:03:44

Health: -2/37      AC:  6    Str: 17    XL:     4   Next: 93%
Magic:  4/4        EV: 11    Int:  9    God:    Trog [**....]
Gold:   94         SH:  0    Dex: 13    Spells: 3/3 levels left

rFire    . . .     SeeInvis .   a - +0 falchion
rCold    . . .     Gourm    .   (no shield)
rNeg     . . .     Faith    .   g - +0 ring mail (curse)
rPois    .         Spirit   .   (no helmet)
rElec    .         Reflect  .   e - +0 cloak
rCorr    .         Harm     .   (no gloves)
MR       .....                  (no boots)
Stlth    ++........             (no amulet)
HPRegen  0.12/turn              h - ring of stealth
MPRegen  0.09/turn              (no ring)

@: no status effects
A: rot immunity
a: Berserk, Trog's Hand, Burn Spellbooks, Renounce Religion


You were on level 3 of the Dungeon.
You worshipped Trog.
Trog was pleased with you.
You were not hungry.

You visited 1 branch of the dungeon, and saw 3 of its levels.

You collected 94 gold pieces.

Inventory:

Hand Weapons
 a - a +0 falchion (weapon)
Missiles
 d - 5 javelins (quivered)
 u - 4 tomahawks
Armour
 e - a +0 cloak (worn)
 g - a cursed +0 ring mail (worn)
Jewellery
 h - a ring of stealth (left hand)
 t - a cursed -3 ring of slaying {unknown}
Scrolls
 i - a scroll of fog {unknown}
 j - a scroll of blinking {unknown}
 k - a scroll of identify {unknown}
 m - a scroll of remove curse {unknown}
 p - a scroll of teleportation {unknown}
 q - a scroll of fear {unknown}
Potions
 f - 3 potions of degeneration {unknown}
 l - a potion of berserk rage {unknown}
 n - a potion of flight {unknown}
 s - a potion of brilliance {unknown}
 v - a potion of curing
Comestibles
 b - 2 meat rations
 c - a bread ration
 o - 6 fruits
 r - 5 chunks of flesh


   Skills:
 + Level 3.6 Fighting
 * Level 3.8 Long Blades
 + Level 2.6 Armour
 + Level 2.6 Dodging


You had 3 spell levels left.
You didn't know any spells.

Dungeon Overview and Level Annotations

Branches:
Dungeon (3/15)

Altars:
Ru

Annotations:
D:3 dududu's ghost, amateur DsFi


Innate Abilities, Weirdness & Mutations

You are immune to rotting.


Message History

There is an open door here.
There is a stone staircase leading down here.
Dududu's ghost closely misses you.
Found 4 tomahawks.
You see here 4 tomahawks.
u - 4 tomahawks Dududu's ghost misses you.
You riposte.
You hit dududu's ghost but do no damage.
Found a sacrificial altar of Ru.
Found a potion of curing.
Dududu's ghost hits you.
* * * LOW HITPOINT WARNING * * *
You see here a potion of curing.
v - a potion of curing Dududu's ghost hits you.
* * * LOW HITPOINT WARNING * * *
Dududu's ghost closely misses you.
You riposte.
You barely miss dududu's ghost.
Found a scroll labeled SOPRELI EFIDUF.
Dududu's ghost hits you!
You die...

#.......###.......##........
#...........<#'######........
#.......######.# #........
!#....[.... ..# #........
$###.###.## ##### #........
##... ... ...# #..###### ##.
#.#######.######.# .
#......W....#.# #
#?####@####.#.# #.......#.#.#
#.##.##.#.#.# # #...#.#.#.#
.._.......# #...#.#.###
##.##.#.# .... #.# ## #.#


You could see dududu's ghost.

Vanquished Creatures
  Crazy Yiuf (D:2)
  Robin (D:2)
  5 adders
  2 leopard geckos
  An orc (D:3)
  3 bats
  3 giant cockroaches
  8 goblins
  8 hobgoblins
  3 frilled lizards (D:1)
  6 kobolds
  6 rats
47 creatures vanquished.

Notes
Turn   | Place    | Note
-------+----------+-------------------------------------------
     0 | D:1      | tof the Demonspawn Berserker began the quest for the Orb.
     0 | D:1      | Reached XP level 1. HP: 18/18 MP: 1/1
   110 | D:1      | Gained mutation: You are immune to rotting. [demonic ancestry]
   110 | D:1      | Reached XP level 2. HP: 19/24 MP: 2/2
   659 | D:2      | Noticed Robin
   672 | D:2      | Reached XP level 3. HP: 29/29 MP: 3/3
   675 | D:2      | Reached ** piety under Trog
   697 | D:2      | Killed Robin
  1008 | D:2      | Reached XP level 4. HP: 12/35 MP: 4/4
  1306 | D:2      | Found a runed door.
  1883 | D:2      | Noticed Crazy Yiuf
  1892 | D:2      | Killed Crazy Yiuf
  1898 | D:2      | HP: 1/36 [poisoned by Crazy Yiuf]
  2398 | D:3      | Noticed dududu's ghost (amateur DsFi)
  2425 | D:3      | Found a sacrificial altar of Ru.
  2439 | D:3      | Slain by dududu's ghost

Vault maps used:
D:1:      shiori_shiawase
D:2:      uniq_crazy_yiuf_cottage, uniq_robin
D:3:      nicolae_ru_sacrificial_ziggurat, first_bread, gup_sewer_entry_pipe,
          lightli_corner_chamber

Skill      XL: |  1  2 |
---------------+-------+-----
Armour         | 2 |  2.6
Dodging        | 2 |  2.6
Long Blades    | 3 |  3.8
Fighting       | |  3.6

Action                   |  1- 3 |  4- 6 || total
-------------------------+-------+-------++-------
Melee: Falchion          |    91 |    51 ||   142
  Use: Potion            |       |     2 ||     2
  Eat: Chunk             |       |     3 ||     3
       Royal jelly       |       |     1 ||     1
Armor: Animal skin       |     5 |       ||     5
       Ring mail         |    32 |    13 ||    45
Dodge: Dodged            |    82 |    38 ||   120
       Rpst.: Falchion   |    30 |    12 ||    42

Table legend:
 A = Spawn XP
 B = Non-spawn XP
 C = Spawn XP percentage of total XP
 D = Spawn monster count
 E = Non-spawn monster count
 F = Spawn count percentage of total count
 G = Total turns spent on level
                    A         B        C        D         E        F      G
               +---------+---------+-------+---------+---------+-------+---------
         Total |       0 |     190 |   0.0 |       0 |      47 |   0.0 |  2439
               +---------+---------+-------+---------+---------+-------+---------
           D:1 |       0 |      29 |   0.0 |       0 |      20 |   0.0 |   530
           D:2 |       0 |     129 |   0.0 |       0 |      23 |   0.0 |  1609
           D:3 |       0 |      32 |   0.0 |       0 |       4 |   0.0 |   300
               +---------+---------+-------+---------+---------+-------+---------
